 Dungeon Crawl Stone Soup version 0.24-a0-164-g56e1b8f (webtiles) character file.

Game seed: 8356818037441557061

67 Lanoc the Skirmisher (level 4, -2/37 HPs)
             Began as a Demonspawn Chaos Knight on Mar 7, 2019.
             Was a Plaything of Xom.
             Slain by a black bear (3 damage)
             ... on level 3 of the Dungeon.
             The game lasted 00:02:21 (1686 turns).

Lanoc the Skirmisher (Demonspawn Chaos Knight)      Turns: 1686, Time: 00:02:22

Health: -2/37      AC:  5    Str: 12    XL:     4   Next: 0%
Magic:  4/4        EV: 12    Int: 13    God:    Xom [.*....]
Gold:   92         SH:  0    Dex: 14    Spells: 2/3 levels left

rFire    + . .     SeeInvis .   a - +0 mace (chaos)
rCold    + . .     Gourm    .   (no shield)
rNeg     . . .     Faith    .   b - +2 leather armour
rPois    +         Spirit   .   (no helmet)
rElec    +         Reflect  .   (no cloak)
rCorr    +         Harm     .   (no gloves)
MR       .....                  (no boots)
Stlth    +.........             (no amulet)
HPRegen  0.12/turn              i - ring of flight
MPRegen  0.09/turn              (no ring)

@: resistant
A: talons 1, rot immunity
a: Renounce Religion, Evoke Flight


You were on level 3 of the Dungeon.
You worshipped Xom.
You were a plaything of Xom.
You were hungry.

You visited 1 branch of the dungeon, and saw 3 of its levels.

You collected 92 gold pieces.

Inventory:

Hand Weapons
 a - a +0 mace of chaos (weapon)
Armour
 b - a +2 leather armour (worn)
Jewellery
 i - a ring of flight (left hand)
Scrolls
 e - 8 scrolls of identify {unknown}
 h - 5 scrolls of teleportation {unknown}
 k - 2 scrolls of remove curse {unknown}
 m - a scroll of fear {unknown}
 n - a scroll of amnesia {unknown}
 p - a scroll of magic mapping {unknown}
 q - a scroll of blinking {unknown}
Potions
 f - a potion of curing
 g - a potion of heal wounds
 j - a potion of degeneration {unknown}
 l - a potion of agility {unknown}
 o - a potion of might {unknown}
Comestibles
 c - 8 rations


   Skills:
 + Level 3.7 Fighting
 - Level 2.6 Maces & Flails
 + Level 2.6 Armour
 + Level 2.1 Dodging


You had 2 spell levels left.
You knew the following spells:

 Your Spells              Type           Power        Failure   Level  Hunger
a - Apportation           Tloc           #.....       36%         1    ##.....

Your spell library contained the following spells:

 Spells                   Type           Power        Failure   Level  Hunger
 Animate Skeleton         Necr           N/A          36%         1    ##.....
 Confusing Touch          Hex            #.....       36%         1    ##.....
 Summon Small Mammal      Summ           #...         36%         1    ##.....


Dungeon Overview and Level Annotations

Branches:
Dungeon (3/15)

Altars:
Cheibriados
Kikubaaqudgha


Innate Abilities, Weirdness & Mutations

You have sharp toenails.
You are immune to rotting.


Message History

The black bear bites you but does no damage.
The black bear claws you.
* * * LOW HITPOINT WARNING * * *
The black bear barely misses you.
You hit the black bear. You burn the black bear.
Your kick misses the black bear.
The black bear is almost dead.
The black bear bites you.
* * * LOW HITPOINT WARNING * * *
The black bear closely misses you. The black bear claws you.
* * * LOW HITPOINT WARNING * * *
The black bear misses you.
The black bear claws you but does no damage.
The black bear claws you.
* * * LOW HITPOINT WARNING * * *
You hit the black bear. You burn the black bear.
You claw the black bear, but do no damage.
The black bear is almost dead.
The black bear bites you.
You die...

#.# #.# #.# #.# #.# #)#
#.# #.# #.# #.# # #.#
#######.# ## ## #.#
#...#.#.# ##.
##...#.######.#.....###..
........h@.............+..
###...#.#######.#...####..
##.##.# #....## ##. ## #.#
####.# ## #.# #.# # #.#
#.# ..# #.# ## #.# #.#


You could see a black bear (berserk).

Vanquished Creatures
  3 adders (D:3)
  An ooze (D:2)
  A leopard gecko (D:3)
  An orc (D:3)
  7 hobgoblins
  7 kobolds
  A quokka (D:3)
  3 bats
  4 frilled lizards
  3 goblins
  6 rats
37 creatures vanquished.

Vanquished Creatures (collateral kills)
  A ball python (D:1)
1 creature vanquished.

Grand Total: 38 creatures vanquished

Notes
Turn   | Place    | Note
-------+----------+-------------------------------------------
     0 | D:1      | Lanoc the Demonspawn Chaos Knight began the quest for the
                  | Orb.
     0 | D:1      | Reached XP level 1. HP: 18/18 MP: 1/1
    76 | D:1      | Reached skill level 1 in Dodging
   109 | D:1      | XOM: cast spell 'Summon Small Mammal'
   246 | D:1      | Gained mutation: You are immune to rotting. [demonic
                  | ancestry]
   246 | D:1      | Reached XP level 2. HP: 22/24 MP: 2/2
   336 | D:1      | XOM: divination: detect items
   430 | D:2      | XOM: medium Chrm miscast
   484 | D:2      | XOM: enchant monster (bad)
   554 | D:2      | Found an ancient bone altar of Kikubaaqudgha.
   560 | D:2      | Learned a level 1 spell: Apportation
   584 | D:2      | XOM: mild Summ miscast
   882 | D:2      | XOM: harmless Necr miscast
   982 | D:3      | XOM is BORED!
   982 | D:3      | XOM: noise
   994 | D:3      | Reached XP level 3. HP: 29/29 MP: 3/3
  1101 | D:3      | Found a snail-covered altar of Cheibriados.
  1236 | D:3      | XOM: enchant monster (bad)
  1668 | D:3      | Noticed a black bear
  1675 | D:3      | Gained mutation: You have sharp toenails. [demonic
                  | ancestry]
  1675 | D:3      | Reached XP level 4. HP: 21/37 MP: 4/4
  1685 | D:3      | HP: 1/37 [black bear (3)]
  1686 | D:3      | Slain by a black bear

Levels and vault maps discovered:
D:1:      dpeg_arrival_stone_temple_mockup, layout_basic, minmay_box_of_dots
D:2:      layout_basic, lemuel_crystal_altar, minmay_misc_feat_plants
D:3:      layout_loops_corners, nicolae_overflow_crystal_walls,
          ebering_ghost_inner_flame

Skill      XL: |  1  2  3 |
---------------+----------+-----
Dodging        | 1 2 |  2.1
Armour         | 2 |  2.6
Fighting       | |  3.7
Maces & Flails | |  2.6

Action                   |  1- 3 |  4- 6 || total
-------------------------+-------+-------++-------
Melee: Mace              |   105 |     9 ||   114
       Kick              |       |     2 ||     2
  Use: Potion            |     1 |     2 ||     3
 Stab: Sleeping          |     1 |       ||     1
  Eat: Chunk             |     2 |       ||     2
Armor: Leather armour    |    46 |     4 ||    50
Dodge: Dodged            |    80 |    16 ||    96

Table legend:
 A = Non-vault XP
 B = Vault XP
 C = Vault XP percentage of total XP
 D = Non-vault monster count
 E = Vault monster count
 F = Vault count percentage of total count
                 A         B        C        D         E       F
            +---------+---------+-------+---------+---------+-------
      Total |      97 |       0 |   0.0 |      38 |       0 |   0.0
            +---------+---------+-------+---------+---------+-------
        D:1 |      12 |       0 |   0.0 |       9 |       0 |   0.0
        D:2 |      24 |       0 |   0.0 |      15 |       0 |   0.0
        D:3 |      61 |       0 |   0.0 |      14 |       0 |   0.0
            +---------+---------+-------+---------+---------+-------
